Map: Ascension to Aiur LE

Players

RiSky - Winner!

  • Race: Zerg Zerg
  • League: Master
  • Spawn Location: 5:00

NightEnD

  • Race: Protoss Protoss
  • League: Master
  • Spawn Location: 11:00

VOD

Have the link to the VOD?

Description

Time

  • Played on: Nov. 18, 2017, 5:03 p.m.
  • Length: 6:59
Show
View Real Time Build Order
Export as new Build Order

RiSky Zerg - Winner!

Build Orders: Hatch First 

Get SALT Encoding   

  12  0:00  Drone  
  13  0:12  Overlord  
  13  0:17  Drone  
  14  0:30  Drone x2  
  14  0:34  Drone  
  17  0:52  Hatchery  
  17  0:55  Drone  
  17  0:58  Drone  
  18  1:08  Extractor  
  17  1:13  Spawning Pool  
  17  1:16  Drone  
  17  1:19  Drone  
  18  1:28  Drone  
  19  1:38  Overlord  
  19  1:49  Drone  
  20  1:59  Queen  
  20  2:00  Zergling x2  
  23  2:04  Queen, Zergling x2  
  26  2:08  Metabolic Boost  
  26  2:11  Drone  
  26  2:15  Drone  
  28  2:22  Drone  
  29  2:26  Drone  
  30  2:33  Drone  
  31  2:40  Drone, Hatchery  
  31  2:45  Overlord  
  31  2:49  Drone  
  32  2:54  Drone  
  33  2:59  Drone  
  33  3:04  Drone  
  35  3:08  Drone x2  
  35  3:09  Drone x2  
  39  3:15  Overlord  
  39  3:17  Drone x3  
  42  3:22  Drone  
  43  3:28  Drone  
  44  3:34  Drone  
  44  3:38  Overlord  
  44  3:39  Drone  
  44  3:40  Drone  
  47  3:42  Drone  
  47  3:44  Lair, Drone  
  47  3:47  Queen  
  51  3:49  Drone  
  51  3:50  Extractor x2  
  51  3:51  Evolution Chamber, Drone  
  51  3:52  Drone  
  51  3:54  Zergling x4  
  53  3:57  Overlord  
  53  4:03  Zergling x4  
  53  4:09  Drone  
  56  4:15  Spore Crawler, Drone x2  
  58  4:17  Drone  
  58  4:18  Drone  
  58  4:19  Zerg Missile Weapons Level 1  
  58  4:20  Overlord  
  59  4:26  Drone  
  59  4:27  Drone  
  59  4:30  Drone  
  62  4:34  Drone  
  62  4:36  Extractor  
  62  4:38  Spore Crawler x2  
  61  4:42  Overlord  
  61  4:45  Drone  
  61  4:46  Hydralisk Den  
  61  4:50  Overlord  
  60  4:55  Extractor  
  60  4:58  Zergling x12  
  65  5:02  Drone  
  65  5:05  Drone  
  67  5:07  Overlord  
  67  5:12  Drone  
  67  5:13  Spore Crawler  
  67  5:14  Spore Crawler, Drone  
  66  5:22  Hydralisk x2  
  66  5:23  Hydralisk x2  
  74  5:32  Muscular Augments  
  74  5:35  Hydralisk  
  76  5:44  Hydralisk  
  76  5:45  Hydralisk  
  79  5:52  Hydralisk x3  
  83  5:57  Overlord  
  83  5:58  Hydralisk  
  84  6:06  Hydralisk x2  
  84  6:11  Overlord  
  87  6:16  Hydralisk x3  
  93  6:27  Zergling x14  
  93  6:31  Overlord  
  100  6:40  Overlord  
Show
View Real Time Build Order
Export as new Build Order

NightEnD Protoss 

Build Orders: 1 Gate Expand 

Get SALT Encoding   

  12  0:01  Probe  
  13  0:13  Probe  
  14  0:18  Pylon  
  14  0:25  Probe  
  15  0:37  Probe (Chrono Boost)  
  16  0:43  Gateway  
  16  0:47  Probe (Chrono Boost)  
  16  0:49  Assimilator  
  17  0:51  Probe  
  18  1:03  Probe  
  19  1:15  Probe  
  20  1:26  Nexus  
  20  1:27  Probe  
  21  1:40  Cybernetics Core  
  21  1:41  Probe  
  22  1:48  Assimilator  
  22  1:53  Pylon  
  22  1:55  Probe  
  23  2:11  Probe (Chrono Boost)  
  24  2:17  Adept  
  24  2:18  Warp Gate  
  24  2:19  Pylon  
  24  2:22  Probe (Chrono Boost)  
  27  2:25  Probe (Chrono Boost)  
  28  2:34  Probe (Chrono Boost)  
  29  2:39  Probe (Chrono Boost)  
  29  2:44  Adept  
  33  2:49  Probe x2 (Chrono Boost)  
  34  2:52  Probe  
  34  2:53  Probe  
  34  2:57  Gateway  
  36  3:05  Probe (Chrono Boost)  
  38  3:08  Probe (Chrono Boost)  
  38  3:14  Sentry  
  38  3:17  Probe (Chrono Boost)  
  42  3:21  Probe x2 (Chrono Boost), Stargate  
  43  3:28  Probe  
  43  3:31  Probe  
  45  3:35  Pylon  
  45  3:41  Gateway, Sentry  
  48  3:42  Probe (Chrono Boost)  
  48  3:43  Probe (Chrono Boost)  
  49  3:50  Sentry  
  49  3:53  Assimilator  
  53  3:55  Probe (Chrono Boost), Pylon  
  53  3:57  Assimilator  
  53  4:00  Probe x2 (Chrono Boost)  
  54  4:04  Probe  
  54  4:05  Oracle (Chrono Boost)  
  54  4:06  Pylon  
  58  4:10  Probe  
  58  4:16  Probe  
  60  4:22  Probe  
  61  4:26  Adept x2  
  61  4:28  Probe  
  62  4:34  Probe  
  62  4:37  Twilight Council  
  65  4:39  Forge  
  65  4:41  Phoenix (Chrono Boost), Probe  
  65  4:42  Adept  
  68  4:47  Probe  
  68  4:50  Robotics Facility  
  69  4:53  Probe  
  69  4:59  Probe  
  71  5:05  Probe  
  72  5:11  Probe  
  73  5:17  Nexus, Probe  
  73  5:20  Adept x2, Pylon  
  73  5:21  Pylon  
  76  5:23  Probe  
  76  5:25  Assimilator  
  75  5:29  Probe  
  75  5:30  Assimilator  
  77  5:35  Probe  
  77  5:38  Observer  
  77  5:41  Probe  
  79  5:44  Adept x3  
  79  5:47  Probe  
  84  5:54  Probe  
  85  5:59  Probe  
  85  6:00  Gateway  
  86  6:04  Gateway  
  86  6:05  Gateway  
  86  6:06  Probe  
  85  6:11  Templar Archives  
  85  6:12  Probe  
  85  6:18  Probe  
  85  6:24  Probe  
  85  6:25  Photon Cannon  
  86  6:28  Shield Battery  
  86  6:35  Adept x3  
Tags
 
Add a new tag
Caveats
  • Supply blocks, unpowered buildings, or Contaminate may cause inaccurate times.
  • Supply counts are checked every 10 seconds.